 Dungeon Sprint DCSS version 0.21.2 (webtiles) character file.

1200000 Fang the Severer (level 11, -27/96 HPs)
             Began as a Demonspawn Gladiator on Oct 16, 2018.
             Was an Initiate of Makhleb.
             Annihilated by a meat berserker
             ... wielding a +9 battleaxe
              (87 damage)
             ... in the Dungeon (Sprint VIII: "Arena of Blood").
             The game lasted 00:00:11 (12 turns).

Fang the Severer (Demonspawn Gladiator)               Turns: 12, Time: 00:00:13

Health: -27/96     AC:  6    Str: 17    XL:     11   Next: 71%
Magic:  11/11      EV: 23    Int: 10    God:    Makhleb [......]
Gold:   0          SH:  0    Dex: 15    Spells: 10/10 levels left

rFire    . . .     SeeInvis .   l - +∞ Axe of Woe
rCold    . . .     Gourm    .   (shield currently unavailable)
rNeg     . . .     Faith    .   b - +0 leather armour
rPois    .         Spirit   .   c - +0 helmet
rElec    .         Reflect  .   (no cloak)
rCorr    .         Harm     .   (no gloves)
MR       .....     NoTele   +   (no boots)
Stlth    ++........             (no amulet)
HPRegen  0.26/turn              (no ring)
MPRegen  0.12/turn              (no ring)

@: no status effects
A: claws 1, rugged brown scales 2, nightstalker 1, powered by pain 2
a: Renounce Religion


You were in the Dungeon.
You worshipped Makhleb.
Makhleb was noncommittal.
You were not hungry.

You visited 1 branch

Inventory:

Hand Weapons
 a - a +0 war axe
 l - the +∞ Axe of Woe (weapon)
   (You found it in the Dungeon)
Missiles
 d - 3 throwing nets (quivered)
Armour
 b - a +0 leather armour (worn)
 c - a +0 helmet (worn)
Scrolls
 k - a scroll of blinking
Potions
 e - a potion of curing
 g - a potion of heal wounds
 h - a potion of haste
 i - 2 potions of magic
 j - a potion of berserk rage
Comestibles
 f - a ration


   Skills:
 + Level 10.7 Fighting
 + Level 16.8 Axes
 + Level 8.6 Throwing
 + Level 16.3 Dodging


You had 10 spell levels left.
You didn't know any spells.

Dungeon Overview and Level Annotations

Branches:
Dungeon (1/1)

Altars:
Makhleb


Innate Abilities, Weirdness & Mutations

You have sharp fingernails.
You are mostly covered in rugged brown scales. (AC +2, +5% HP)
You are slightly more attuned to the shadows.
You sometimes gain power by taking damage.


Message History

Your demonic ancestry asserts itself...
You slip into the darkness of the dungeon.
You have reached level 8!
You feel agile.
Your demonic ancestry asserts itself...
Your fingernails lengthen.
You have reached level 9!
Your experience leads to an increase in your attributes!
Increase (S)trength, (I)ntelligence, or (D)exterity?
You feel stronger.
You have reached level 10!
Your demonic ancestry asserts itself...
You feel even more energised by your suffering.
You have reached level 11!
You hear a shout! x9
The meat berserker rages.
The meat berserker hits you with a +9 battleaxe.
You hear a shout! x4
The meat berserker hits you with a +9 battleaxe!!!!
Ouch! That really hurt!
You die...

..... ... #...
.O# . #... o.#
. o.###...
..###..
......###o.....
......_......
#..O..# #_@O._#
#..)..#
......_......
......###......
..###...
..###.. . #...
..# . #... ..#
..... ...


You could see 2 meat berserkers and a bag of meat.

Vanquished Creatures
  An orc (D)
1 creature vanquished.

Notes
Turn   | Place    | Note
-------+----------+-------------------------------------------
     0 | D        | Found the +∞ Axe of Woe
     0 | D        | Fang the Demonspawn Gladiator began the quest for the Orb.
     0 | D        | Reached XP level 1. HP: 16/16 MP: 1/1
     4 | D        | Became a worshipper of Makhleb the Destroyer
     6 | D        | Noticed a bag of meat
     7 | D        | Noticed a bag of meat
     8 | D        | Noticed a meat berserker
     9 | D        | Noticed a meat berserker
    12 | D        | Noticed a bag of meat
    12 | D        | Killed a bag of meat
    12 | D        | Reached skill level 10 in Fighting
    12 | D        | Gained mutation: You are partially covered in rugged brown scales. (AC +1, +3% HP) [demonic ancestry]
    12 | D        | Reached XP level 2. HP: 29/37 MP: 2/2
    12 | D        | Reached XP level 3. HP: 34/43 MP: 3/3
    12 | D        | Gained mutation: You are mostly covered in rugged brown scales. (AC +2, +5% HP) [demonic ancestry]
    12 | D        | Reached XP level 4. HP: 34/51 MP: 4/4
    12 | D        | Reached XP level 5. HP: 38/56 MP: 5/5
    12 | D        | Gained mutation: You sometimes gain a little power by taking damage. [demonic ancestry]
    12 | D        | Reached XP level 6. HP: 43/64 MP: 6/6
    12 | D        | Gained mutation: You are slightly more attuned to the shadows. [demonic ancestry]
    12 | D        | Reached XP level 7. HP: 47/70 MP: 7/7
    12 | D        | Gained mutation: You have sharp fingernails. [demonic ancestry]
    12 | D        | Reached XP level 8. HP: 52/77 MP: 8/8
    12 | D        | Reached XP level 9. HP: 55/82 MP: 9/9
    12 | D        | Gained mutation: You sometimes gain power by taking damage. [demonic ancestry]
    12 | D        | Reached XP level 10. HP: 61/90 MP: 10/10
    12 | D        | Reached XP level 11. HP: 65/96 MP: 11/11
    12 | D        | Annihilated by a meat berserker

Skill      XL: |  1 |
---------------+----+-----
Fighting       | 10 | 10.7
Axes           | 16 | 16.8
Throwing       | 8 |  8.6
Dodging        | 16 | 16.3

Action                   |  1- 3 |  4- 6 |  7- 9 | 10-12 || total
-------------------------+-------+-------+-------+-------++-------
Melee: Executioner's axe |     1 |       |       |       ||     1
